 Dungeon Crawl Stone Soup version 0.27.0-65-ge2af304b15 (webtiles) character file.

Game seed: 16134158969755655517

33 shadowrider38 the Conjurer (level 3, -2/19 HPs)
             Began as a Deep Elf Conjurer on Aug 19, 2021.
             Slain by Terence (13 damage)
             ... on level 2 of the Dungeon.
             The game lasted 00:05:08 (1772 turns).

shadowrider38 the Conjurer (Deep Elf Conjurer)      Turns: 1772, Time: 00:05:09

Health: -2/19      AC:  3    Str:  4    XL:     3   Next: 12%
Magic:  3/10       EV: 12    Int: 23    God:
Gold:   18         SH:  0    Dex: 13    Spells: 8/9 levels left

rFire    . . .     SeeInvis .   a - +0 dagger
rCold    . . .     Faith    .   (no shield)
rNeg     . . .     Spirit   .   d - +0 robe
rPois    .         Reflect  .   (no helmet)
rElec    .         Harm     .   (no cloak)
rCorr    .         Rampage  .   h - +0 pair of gloves
Will     .....                  (no boots)
Stlth    ++........             (no amulet)
HPRegen  0.06/turn              k - ring of flight
MPRegen  0.12/turn              (no ring)

@: flying
A: no striking features
a: no special abilities


You were on level 2 of the Dungeon.
You visited 1 branch of the dungeon, and saw 2 of its levels.

You collected 18 gold pieces.

Inventory:

Hand Weapons
 a - a +0 dagger (weapon)
Missiles
 f - 37 stones
 i - 12 poisoned darts
Armour
 d - a +0 robe (worn)
 h - a +0 pair of gloves (worn)
Jewellery
 k - a ring of flight (left hand)
Scrolls
 b - 4 scrolls of identify {unknown}
 e - a scroll of enchant armour {unknown}
Potions
 c - a potion of brilliance {unknown}
 g - a potion of lignification {unknown}
 j - a potion of mutation {unknown}


   Skills:
 - Level 2.4 Dodging
 - Level 2.4 Stealth
 - Level 3.5 Spellcasting
 + Level 5.3 Conjurations


You had 8 spell levels left.
You knew the following spells:

 Your Spells              Type           Power      Damage    Failure   Level
a - Magic Dart            Conj           100%       1d8       1%          1

Your spell library contained the following spells:

 Spells                   Type           Power      Damage    Failure   Level
 Searing Ray              Conj           56%        3d5       1%          2
 Shock                    Conj/Air       64%        1d7       3%          1
 Dazzling Flash           Conj/Hex       32%        N/A       11%         3
 Gell's Gravitas          Tloc           2%         N/A       32%         3
 Lesser Beckoning         Tloc           2%         N/A       32%         3
 Swiftness                Air            4%         N/A       32%         3
 Teleport Other           Tloc           4%         N/A       32%         3
 Fulminant Prism          Conj/Hex       8%         3d7       36%         4
 Iskenderun's Mystic Bla  Conj/Tloc      16%        2d5       36%         4
 Airstrike                Air            2%         N/A       73%         4


Dungeon Overview and Level Annotations

Branches:
Dungeon (2/15)

Altars:

Annotations:
D:2 Terence


Message History

Aiming: Magic Dart (safe; 1% risk of failure)
Press: ? - help, Q - select action, (/) - cycle Shift-Dir - straight line, f - Terence
Aim: Terence, wielding a +3 antimagic flail and wearing a +0 scale mail (wandering, hasn't noticed you, 100% to hit)
The magic dart hits Terence but does no damage.
Terence shouts!
Aiming: Magic Dart (safe; 1% risk of failure)
Press: ? - help, Q - select action, (/) - cycle Shift-Dir - straight line, f/p - Terence
Aim: Terence, wielding a +3 antimagic flail and wearing a +0 scale mail (100% to hit)
The magic dart hits Terence.
Terence is moderately wounded.
Aiming: Magic Dart (safe; 1% risk of failure)
Press: ? - help, Q - select action, (/) - cycle Shift-Dir - straight line, f/p - Terence
Aim: Terence, wielding a +3 antimagic flail and wearing a +0 scale mail (moderately wounded, 100% to hit)
The magic dart hits Terence but does no damage.
Terence is moderately wounded.
Aiming: Magic Dart (safe; 1% risk of failure)
Press: ? - help, Q - select action, (/) - cycle Shift-Dir - straight line, f/p - Terence
Aim: Terence, wielding a +3 antimagic flail and wearing a +0 scale mail (moderately wounded, 100% to hit)
The magic dart hits Terence.
Terence is heavily wounded.
Aiming: Magic Dart (safe; 1% risk of failure)
Press: ? - help, Q - select action, (/) - cycle Shift-Dir - straight line, f/p - Terence
Aim: Terence, wielding a +3 antimagic flail and wearing a +0 scale mail (heavily wounded, 100% to hit)
The magic dart hits Terence but does no damage.
Terence is heavily wounded.
Aiming: Magic Dart (safe; 1% risk of failure)
Press: ? - help, Q - select action, (/) - cycle Shift-Dir - straight line, f/p - Terence
Aim: Terence, wielding a +3 antimagic flail and wearing a +0 scale mail (heavily wounded, 100% to hit)
The magic dart hits Terence.
Terence is heavily wounded.
Terence hits you with a +3 antimagic flail!
You feel your power leaking away.
Aiming: Magic Dart (safe; 1% risk of failure)
Press: ? - help, Q - select action, (/) - cycle Shift-Dir - straight line, f/p - Terence
Aim: Terence, wielding a +3 antimagic flail and wearing a +0 scale mail (heavily wounded, 100% to hit)
The magic dart hits Terence.
Terence is heavily wounded.
Terence hits you with a +3 antimagic flail!
Ouch! That really hurt!
You die...

#.###...............).....รท.. .
#.###........##.##.#........#
.####.......##.........#..@<.##..
........#.#....(....##.#........#
.......[#...##..................#
........###.##...................
........'...(.........#..........
#.......###................#.#.##
#.......# #.....@@.......#.....##
#.......# #.##.....>........<....
#.......# #.##.).............#.##
........# #............#......<##
#.......# #.#..........#.........
........# #.........##..........#
..##..### #.#.................###
...)....# #...................#
..#.#.### ####.###.###.###....#


You could see Terence.

Vanquished Creatures
  A worm (D:2)
  A dart slug (D:2)
  6 ball pythons
  2 bats
  2 endoplasms
  A giant cockroach (D:2)
  3 goblins (D:1)
  2 hobgoblins
  4 kobolds
  A frilled lizard (D:2)
  4 rats
27 creatures vanquished.

Notes
Turn   | Place    | Note
-------+----------+-------------------------------------------
     0 | D:1      | shadowrider38 the Deep Elf Conjurer began the quest for the
                  | Orb.
     0 | D:1      | Reached XP level 1. HP: 10/10 MP: 6/6
   161 | D:1      | Reached XP level 2. HP: 15/15 MP: 0/8
   317 | D:1      | Found a faded altar of an unknown god.
   860 | D:2      | Reached skill level 5 in Conjurations
  1141 | D:2      | Reached XP level 3. HP: 19/19 MP: 7/10
  1218 | D:2      | Noticed Terence
  1772 | D:2      | Slain by Terence

Illustrated notes

Levels and vault maps discovered:
D:1:      dpeg_arrival_round_b, layout_loops_ring, basic_ecumenical_altar,
          corexii_leaking_fountain, amcnicky_mini_rare_corridor_liquid,
          serial_bayou_lake_a
D:2:      layout_basic, st_stairs_13, hangedman_decor_push, uniq_terence

Skill      XL: |  1  2 |
---------------+-------+-----
Conjurations   | 5 |  5.3
Dodging        | |  2.4
Stealth        | |  2.4
Spellcasting   | |  3.5

Action                   || total
-------------------------++-------
Throw: Dart              ||     2
 Cast: Magic Dart        ||    52
Dodge: Dodged            ||     1
